 Dungeon Crawl Stone Soup version 0.30-a0-159-g068b764562 (webtiles) character file.

Game seed: 3600021929149784288

71 Flugkiller the Conjurer (level 4, 0/35 (46) HPs)
             Began as an Ogre Reaver on Sept 27, 2022.
             Slain by Ijyb
             ... wielding a +0 dagger
              (3 damage)
             ... on level 3 of the Dungeon.
             The game lasted 00:01:59 (2167 turns).

Flugkiller the Conjurer (Ogre Reaver)               Turns: 2167, Time: 00:02:00

HP:   0/35 (46)     AC:  3    Str: 16    XL:     4   Next: 24%
MP:   14/17         EV: 13    Int: 16    God:
Gold: 60            SH:  0    Dex:  7    Spells: 6/9 levels left

rFire   + . .      SeeInvis .    q - +6 whip of Rubbish {pain, rF+ Will+ MP+9}
rCold   . . .      Faith    .    (no shield)
rNeg    . . .      Spirit   .    b - +0 robe
rPois   .          Reflect  .    (helmet restricted)
rElec   .          Harm     .    (no cloak)
rCorr   .          Rampage  .    (gloves unavailable)
Will    +....                    (boots unavailable)
Stlth   +.........               (no amulet)
HPRegen 0.11/turn                v - +4 ring of evasion
MPRegen 0.15/turn                (no ring)

@: earthbound, heavily drained
A: large, unfitting armour, tough skin 1
a: no special abilities


You were on level 3 of the Dungeon.
You visited 1 branch of the dungeon, and saw 3 of its levels.

You collected 60 gold pieces.

Inventory:

Hand Weapons
 a - a +0 mace
 j - a +1 hand axe of freezing
   (You found it on level 1 of the Dungeon)
 l - the +6 sling "Qikeli" {vorpal, *Slow Str+5}
   (You found it on level 2 of the Dungeon)

   Any ammunition fired from it inflicts extra damage upon your enemies.
   Str:       It affects your strength (+5).
   *Slow:     It may slow you when you take damage.
 q - the +6 whip of Rubbish (weapon) {pain, rF+ Will+ MP+9}
   (You found it on level 2 of the Dungeon)

   In the hands of one skilled in necromantic magic, it inflicts extra damage on
   living creatures.
   rF:        It protects you from fire.
   MP:        It affects your magic capacity (+9).
   Will:      It increases your willpower.
Armour
 b - a +0 robe (worn)
Jewellery
 v - a +4 ring of evasion (left hand)
   (You found it on level 1 of the Dungeon)
Wands
 u - a wand of flame (16)
   (You found it on level 3 of the Dungeon)
Scrolls
 c - a scroll of poison
 e - a scroll of butterflies {unknown}
 g - a scroll of summoning {unknown}
 h - a scroll of enchant armour {unknown}
 k - a scroll of noise {unknown}
 n - a scroll of teleportation {unknown}
 o - a scroll of magic mapping {unknown}
 p - a scroll of fear {unknown}
 r - a scroll of immolation {unknown}
 s - a scroll of vulnerability {unknown}
Potions
 d - 2 potions of flight {unknown}
 f - 2 potions of curing {unknown}
 i - a potion of berserk rage {unknown}
 m - a potion of brilliance {unknown}
 t - a potion of magic {unknown}


   Skills:
 + Level 3.6 Fighting
 - Level 2.6 Maces & Flails
 - Level 1.7 Dodging
 + Level 3.1 Spellcasting
 * Level 3.6 Conjurations
 + Level 0.7 Necromancy


You had 6 spell levels left.
You knew the following spells:

 Your Spells              Type           Power      Damage    Failure   Level
a - Kiss of Death         Conj/Necr      36%        2d8       8%          1
b - Volcanic Tap          Conj/Fire/Erth 12%        3d8       17%         2

Your spell library contained the following spells:

 Spells                   Type           Power      Damage    Failure   Level
 Hailstorm                Conj/Ice       8%         3d4       26%         3
 Ignite Poison            Fire/Tmut/Pois 2%         N/A       50%         3
 Sticky Flame             Conj/Fire      8%         2d3       65%         4
 Ignition                 Fire           1%         3d3       100%        8


Dungeon Overview and Level Annotations

Branches:
Dungeon (3/15) Zot: 15819

Altars:
Ashenzari
Okawaru
Xom

Annotations:
D:3 Ijyb, Terence


Innate Abilities, Weirdness & Mutations

You are too large for most types of armour.
You have tough skin. (AC +1)


Message History

You start resting.
HP restored.
There is a stone staircase leading down here.
You climb downwards.
The orc hits you from afar with a +0 trident.
There is a stone staircase leading up here.
The shadow imp shouts, "Get thee hence, thou peeagling weevil-witted urchin!"
The orc hits you with a +0 trident.
You whack the orc!
You kill the orc!
You hit the orc.
The orc is severely wounded.
The orc hits you with a +0 dagger of venom.
You are poisoned.
You whack the orc!
You kill the orc!
You feel very sick.
You closely miss the shadow imp.
You feel sick. The shadow imp closely misses you.
You closely miss the shadow imp.
You feel sick. The shadow imp hits you.
You closely miss the shadow imp.
You feel sick. The shadow imp closely misses you.
You hit the shadow imp.
The shadow imp is moderately wounded.
You feel sick. The shadow imp closely misses you.
You barely miss the shadow imp.
The shadow imp is moderately wounded.
You feel sick. The shadow imp closely misses you.
You hit the shadow imp.
The shadow imp is severely wounded.
You feel sick. The shadow imp barely misses you.
You barely miss the shadow imp.
The shadow imp is severely wounded.
You feel sick.
You are no longer poisoned.
You whack the shadow imp!
You kill the shadow imp!
Items here: )) [ †.
Okay, then.
You start resting.
HP restored.
Okay, then.
Okay, then.
Memorise Volcanic Tap, consuming 2 spell levels and leaving 6?
You start memorising the spell.
You continue memorising. x2
You finish memorising.
Spell assigned to 'b'.
Unknown command.
Items here: )) [ †.
Found a stone staircase leading up.
An endoplasm comes into view.
The endoplasm quivers.
An endoplasm is nearby!
Okay, then.
Ijyb the Twisted Goblin comes into view.
She is wielding a +0 dagger and carrying a wand of mindburst (13).
Ijyb shouts!
Found a stone staircase leading down.
The endoplasm freezes you.
You are frozen.
You hit the endoplasm but do no damage. The endoplasm misses you.
You whack the endoplasm!
You kill the endoplasm!
Ijyb zaps a wand.
Your mind is blasted!
A rat comes into view.
The rat twitches its whiskers.
You completely miss Ijyb.
Terence the Incautious comes into view.
He is wielding a +2 trident of holy wrath.
Ijyb zaps a wand.
Your mind is blasted!
Casting: Kiss of Death (safe; 8% risk of failure)
Confirm with . or Enter, or press ? or * to list all spells.
Aiming: Volcanic Tap (safe; 17% risk of failure)
Press: ? - help, Dir - move target, f - Ijyb
Aim: Ijyb, wielding a +0 dagger, wearing a +0 ring mail and carrying a wand of mindburst (11) (64% to hit)
The spray of magma hits Ijyb!
You are fixed to the earth.
Terence shouts!
Ijyb barely misses you.
You hit Ijyb. Your punch misses Ijyb.
Ijyb is moderately wounded.
The rat bites you. Ijyb hits you but does no damage.
You barely miss Ijyb.
Ijyb is moderately wounded.
The rat closely misses you. Ijyb screams, "I no like you!"
Ijyb hits you with a +0 dagger.
Casting: Volcanic Tap (safe; 17% risk of failure)
Confirm with . or Enter, or press ? or * to list all spells.
Aiming: Kiss of Death (safe; 8% risk of failure)
Press: ? - help, Shift-Dir - straight line, f/p - Ijyb
Aim: Ijyb, wielding a +0 dagger, wearing a +0 ring mail and carrying a wand of mindburst (11) (moderately wounded, 100% to hit)
The negative energy hits Ijyb!
Ijyb is drained!
Ijyb is almost dead.
You feel drained. Terence misses you. The rat closely misses you.
Ijyb hits you with a +0 dagger.
An adder comes into view.
You closely miss Ijyb.
Ijyb is almost dead.
The adder hisses angrily.
Terence hits you from afar with a +2 trident of holy wrath!
* * * LOW HITPOINT WARNING * * *
The rat bites you but does no damage. Ijyb hits you with a +0 dagger.
You die...

#.#.#.#.#..####.....#
.#.#.#.#.....##.#####
#.#.#.#.#....##...#
.#.#.#.#...#.##.#.#
.#.#.#.#..#....#.#
#.#.#...####.#<#
.#.#S#..# #...#
#.#[#...# #.#...
...#.#@.# #.#.#...
..#.#.gr# ..#.# ##
...+#.#@=.. ... .
#.#...##.#.. +#.##.#
# # ... #.> .##


You could see Ijyb (very drained), Terence, an adder and a rat.

Vanquished Creatures
  An adder (D:2)
  A shadow imp (D:3)
  2 worms (D:2)
  A dart slug (D:2)
  3 orcs (D:3)
  4 endoplasms
  A giant cockroach (D:2)
  4 goblins (D:1)
  A hobgoblin (D:2)
  2 quokkas (D:2)
  10 ball pythons
  3 bats
  2 frilled lizards (D:1)
  4 kobolds (D:2)
  4 rats
43 creatures vanquished.

Notes
Turn   | Place    | Note
-------+----------+-------------------------------------------
     0 | D:1      | Flugkiller the Ogre Reaver began the quest for the Orb.
     0 | D:1      | Reached XP level 1. HP: 22/22 MP: 3/3
   411 | D:1      | Reached XP level 2. HP: 24/29 MP: 5/5
   834 | D:2      | Identified the +6 sling "Qikeli" {vorpal, *Slow Str+5}
   927 | D:2      | Found a shimmering altar of Xom.
   962 | D:2      | Identified the +6 whip of Rubbish {pain, rF+ Will+ MP+9}
   967 | D:2      | Reached XP level 3. HP: 28/37 MP: 7/7
  1361 | D:2      | Found a faded altar of an unknown god.
  1689 | D:3      | Found a broken altar of Ashenzari.
  1690 | D:3      | Found an iron altar of Okawaru.
  1760 | D:2      | Reached XP level 4. HP: 15/39 MP: 8/8
  2134 | D:3      | Learned a level 2 spell: Volcanic Tap
  2157 | D:3      | Noticed Ijyb
  2162 | D:3      | Noticed Terence
  2167 | D:3      | Slain by Ijyb

Illustrated notes

Levels and vault maps discovered:
D:1:      dpeg_arrival_three_bigger_balls, layout_basic
D:2:      layout_basic, hellmonk_ecumenical_altar_leap_of_faith, basic_altar,
          grunt_ministairs_15
D:3:      layout_basic, chequers_temple_overflow_statue_of_worship,
          uniq_crazy_yiuf_cottage, uniq_ijyb, uniq_terence

Skill      XL: |  1  2  3 |
---------------+----------+-----
Conjurations   | 3 |  3.6
Fighting       | 3 |  3.6
Spellcasting   | 3 |  3.1
Maces & Flails | |  2.6
Dodging        | |  1.7
Necromancy     | |  0.7

Action                   |  1- 3 |  4- 6 || total
-------------------------+-------+-------++-------
Melee: Mace              |    29 |       ||    29
       Punch             |     2 |       ||     2
       Hand axe          |    35 |       ||    35
       Whip              |    35 |    17 ||    52
 Cast: Kiss of Death     |     1 |     1 ||     2
       Volcanic Tap      |       |     1 ||     1
  Use: Scroll            |     1 |       ||     1
Armor: Robe              |    31 |     2 ||    33
Dodge: Dodged            |    67 |    10 ||    77

Table legend: (Time is in decaauts)
 A = Elapsed time spent in this place.
 B = Non-inter-level travel time spent in this place.
 C = Inter-level travel time spent in this place.
 D = Time resting spent in this place.
 E = Time spent auto-exploring this place.
 F = Levels seen in this place.
 G = Mean time per level.
                   A        B        C        D        E       F      G
               +--------+--------+--------+--------+--------+-----+--------+
         Total |   2180 |   2152 |     28 |    775 |    996 |   3 |  726.7 |
       Dungeon |   2180 |   2152 |     28 |    775 |    996 |   3 |  726.7 |
               +--------+--------+--------+--------+--------+-----+--------+

Top non-repeatable levels by time:
     D:2: 1020 daAuts
     D:1: 796 daAuts
     D:3: 363 daAuts
